 Dungeon Crawl Stone Soup version 0.30-a0-329-g85436e0a43 (webtiles) character file.

Game seed: 14603422420627214059

2146 Zonian the Thaumaturge (level 9, 0/76 HPs)
             Began as a Djinni Ice Elementalist on Oct 28, 2022.
             Was a Believer of Hepliaklqana.
             Slain by a vampire mosquito (4 damage)
             ... on level 7 of the Dungeon.
             The game lasted 00:20:04 (12119 turns).

Zonian the Thaumaturge (Djinni Ice Elementalist)   Turns: 12119, Time: 00:20:05

Health: 0/76       AC: 11    Str:  7    XL:     9   Next: 56%
Gold:   562        EV: 12    Int: 21    God:    Hepliaklqana [**....] SH:  0 Dex: 14

rFire   + + .      SeeInvis .    n - +2 short sword (drain)
rCold   x . .      Faith    .    (no shield)
rNeg    . . .      Spirit   .    a - +0 robe
rPois   ∞          Reflect  .    h - +1 helmet
rElec   .          Harm     .    (no cloak)
rCorr   .          Rampage  .    p - +2 pair of gloves
Will    .....                    (boots unavailable)
Stlth   ..........               (no amulet)
HPRegen 0.32/turn                k - +4 ring of protection
MPRegen 0.00/turn                (no ring)

@: berserking, flying, very quick
A: reduced essence, sickness immunity, fire resistance 2, cold vulnerability 1,
float, innate caster, HP casting, extra vitality 1
a: Renounce Religion, Recall Ancestor, Ancestor Identity


You were on level 7 of the Dungeon.
You worshipped Hepliaklqana.
Hepliaklqana was pleased with you.
You visited 1 branch of the dungeon, and saw 7 of its levels.

You collected 562 gold pieces.

Inventory:

Hand Weapons
 g - a +3 sling of flaming
 l - a +1 flail of venom
 m - a +0 dagger of venom
 n - a +2 short sword of draining (weapon)
 s - a +1 short sword of draining
Missiles
 e - 9 poisoned darts
Armour
 a - a +0 robe (worn)
 h - a +1 helmet (worn)
 p - a +2 pair of gloves (worn)
Jewellery
 k - a +4 ring of protection (left hand)
 r - a ring of protection from fire
Wands
 v - a wand of charming (7)
 z - a wand of digging (5)
Scrolls
 b - a scroll of blinking
 d - a scroll of brand weapon
 w - 2 scrolls of fear {unknown}
 y - 5 scrolls of teleportation
Potions
 f - 3 potions of curing
 j - 2 potions of heal wounds
 o - a potion of mutation
 q - a potion of magic {unknown}
 t - a potion of resistance
 u - a potion of might {unknown}
 x - a potion of invisibility {unknown}
 A - a potion of ambrosia {unknown}


   Skills:
 + Level 1.1 Fighting
 - Level 2.7 Dodging
 - Level 2.0 Stealth
 + Level 9.6 Spellcasting
 + Level 1.0 Invocations


You had 7 spell levels left.
You knew the following spells:

 Your Spells              Type           Power      Damage    Failure   Level
a - Freeze                Ice            100%       1d10      1%          1
b - Frozen Ramparts       Ice            100%       1d16      1%          3
c - Ozocubu's Armour      Ice            50%        N/A       1%          3
d - Summon Ice Beast      Ice/Summ       50%        N/A       1%          4
e - Apportation           Tloc           100%       N/A       1%          1
f - Searing Ray           Conj           100%       2d8       1%          2
g - Hailstorm             Conj/Ice       50%        3d11      1%          3
h - Portal Projectile     Hex/Tloc       100%       N/A       1%          3
Your spell library was empty.

Dungeon Overview and Level Annotations

Branches:
Dungeon (7/15)             Temple (0/1) D:5

Altars:
Gozag
Hepliaklqana
Qazlal
Wu Jian
Zin

Annotations:
D:5 1 transporter, sirJeffrey23's ghost, novice FoFi


Innate Abilities, Weirdness & Mutations

Your life essence is reduced to manifest your ancestor. (-10% HP)
You are immune to sickness and miasma.
You are immune to poison.
Your flesh is very heat resistant. (rF++)
You are vulnerable to cold. (rC-)
You float through the air rather than walking.
You learn spells naturally, not from books.
Your magical power is your life essence.
You have superior vitality. (+4 MHP)


Message History

Dwight blocks the vampire mosquito's attack.
Okay, then.
A red film seems to cover your vision as you go berserk!
You feel yourself moving faster!
You feel mighty!
The vampire mosquito bites Dwight.
The vampire mosquito bites you but does no damage. x2
Dwight hits the vampire mosquito with a +0 flail.
The vampire mosquito bites Dwight!
Dwight is destroyed!
The vampire mosquito bites you!
* * * LOW HITPOINT WARNING * * *
The vampire mosquito closely misses you.
Unknown command.
You hit the vampire mosquito.
The vampire mosquito is moderately damaged.
The vampire mosquito misses you. The vampire mosquito bites you.
* * * LOW HITPOINT WARNING * * *
The vampire mosquito completely misses you.
The vampire mosquito bites you but does no damage. x2
You closely miss the vampire mosquito.
The vampire mosquito is moderately damaged.
The vampire mosquito bites you.
* * * LOW HITPOINT WARNING * * *
The vampire mosquito barely misses you. The vampire mosquito bites you.
* * * LOW HITPOINT WARNING * * *
The vampire mosquito bites you but does no damage.
The vampire mosquito misses you. The vampire mosquito bites you.
* * * LOW HITPOINT WARNING * * *
You closely miss the vampire mosquito.
The vampire mosquito is heavily damaged.
The vampire mosquito bites you but does no damage.
The vampire mosquito closely misses you. x3
Unknown command.
You puncture the vampire mosquito!
The vampire mosquito is almost destroyed.
The vampire mosquito barely misses you.
The vampire mosquito closely misses you.
The vampire mosquito bites you but does no damage.
The vampire mosquito bites you.
You die...

##
##......[..............#
..#..≈≈≈≈≈.≈≈≈......._.P.#
.....≈.:...(.≈...........#
../..≈.#.###.≈.......#####
.....≈.#...#.≈.##.#.....
###..≈.#._.#.≈.##.#####..
##.≈.#.$.#.≈.##.# #
#.≈.###.#.≈.##.#
#.≈....@y.≈......
#.≈≈≈≈yyy≈≈.#.###
#.......).....#
..##.##.......# # #..
#.......# #. #$......# ..
#..?....# ## ........#
#>.......#


You could see 4 vampire mosquitoes.

Vanquished Creatures
  A steam dragon (D:7)
  A sky beast (D:6)
  2 ogres
  A necrophage (D:4)
  A gnoll sergeant (D:6)
  A scorpion (D:4)
  A vampire bat (D:3)
  6 electric eels (D:6)
  A hound (D:5)
  An orc priest (D:7)
  Jessica (D:2)
  2 iguanas (D:5)
  An orc wizard (D:4)
  Robin (D:1)
  4 adders
  6 gnolls
  An ufetubus (D:4)
  2 adder zombies (D:2)
  4 worms
  2 dart slugs
  19 orcs
  2 bats
  4 bat skeletons
  2 bat zombies (D:3)
  6 endoplasms
  2 giant cockroaches (D:1)
  13 goblins
  8 hobgoblins
  4 kobolds
  8 quokkas
  5 ball pythons
  2 ball python skeletons (D:2)
  2 frilled lizards (D:1)
  4 rats (D:1)
121 creatures vanquished.

Vanquished Creatures (collateral kills)
  A wyvern (D:7)
  A steam dragon (D:6)
  Menkaure (D:4)
  A water moccasin (D:6)
  An orc warrior (D:7)
  A necrophage (D:6)
  A gnoll sergeant (D:5)
  3 jellies
  An orc priest (D:7)
  An iguana (D:7)
  A shadow imp (D:7)
  A white imp (D:7)
  An ufetubus (D:5)
  A worm (D:4)
  8 orcs (D:7)
24 creatures vanquished.

Vanquished Creatures (others)
  A knight (D:7)
  An ancestor (D:5)
  A fungus (D:7)
  4 plants (D:6)
  3 withered plants (D:2)
10 creatures vanquished.

Grand Total: 155 creatures vanquished

Notes
Turn   | Place    | Note
-------+----------+-------------------------------------------
     0 | D:1      | Zonian the Djinni Ice Elementalist began the quest for the
                  | Orb.
     0 | D:1      | Zonian set off with the following spells memorised: Freeze,
                  | Frozen Ramparts, Ozocubu's Armour, Summon Ice Beast.
     0 | D:1      | Reached XP level 1. HP: 15/15 MP: 0/0
   338 | D:1      | Reached XP level 2. HP: 20/21 MP: 0/0
  1097 | D:1      | Reached XP level 3. HP: 22/25 MP: 0/0
  1097 | D:1      | Learned a level 1 spell: Apportation
  1628 | D:2      | Noticed Robin
  3216 | D:1      | Killed Robin
  3217 | D:1      | Reached skill level 4 in Spellcasting
  3217 | D:1      | Reached XP level 4. HP: 19/31 MP: 0/0
  4396 | D:2      | Noticed Jessica
  4407 | D:2      | Killed Jessica
  4408 | D:2      | Reached XP level 5. HP: 29/35 MP: 0/0
  4408 | D:2      | Learned a level 2 spell: Searing Ray
  5632 | D:3      | Found a hazy altar of Hepliaklqana.
  5687 | D:3      | Became a worshipper of Hepliaklqana the Forgotten
  5883 | D:3      | Reached skill level 5 in Spellcasting
  5883 | D:3      | Reached XP level 6. HP: 38/40 MP: 0/0
  5951 | D:3      | Found a glowing silver altar of Zin.
  5951 | D:3      | Noticed an angel
  6367 | D:4      | Noticed a steam dragon
  6913 | D:4      | Reached skill level 6 in Spellcasting
  6913 | D:4      | Reached XP level 7. HP: 27/45 MP: 0/0
  6913 | D:4      | Learned a level 3 spell: Hailstorm
  7107 | D:4      | Identified the +1 pair of boots of the Elven Halls {Harm
                  | rElec rC+ Dex+2}
  7196 | D:4      | Reached * piety under Hepliaklqana
  7738 | D:4      | Noticed Menkaure
  7746 | D:4      | Killed Menkaure
  7928 | D:5      | Entered Level 5 of the Dungeon
  7957 | D:5      | Found a staircase to the Ecumenical Temple.
  8112 | D:5      | Reached skill level 7 in Spellcasting
  8112 | D:5      | Reached XP level 8. HP: 18/45 MP: 0/0
  8744 | D:5      | Noticed sirJeffrey23's ghost (novice FoFi)
  8747 | D:5      | Found a transporter.
  9318 | D:6      | Found a stormy altar of Qazlal.
  9345 | D:6      | Reached ** piety under Hepliaklqana
  9349 | D:6      | Remembered your ancestor Dwight as a knight
  9928 | D:6      | Reached skill level 8 in Spellcasting
 10793 | D:6      | Reached XP level 9. HP: 24/49 MP: 0/0
 10793 | D:6      | Learned a level 3 spell: Portal Projectile
 11281 | D:7      | Found an opulent altar of Gozag.
 11290 | D:7      | Reached skill level 9 in Spellcasting
 11321 | D:7      | Found an ornate altar of the Wu Jian Council.
 11774 | D:7      | Reached skill level 1 in Fighting
 11774 | D:7      | Reached skill level 1 in Invocations
 12119 | D:7      | Slain by a vampire mosquito

Illustrated notes

Levels and vault maps discovered:
D:1:      scummos_arrival_forest, layout_loops_cross
D:2:      layout_basic, serial_undead, serial_undead_c, serial_undead_a,
          serial_undead_b, serial_undead_e, kennysheep_generic_room_3,
          uniq_jessica, uniq_robin
D:3:      layout_rooms, kennysheep_vampire_church, zin_angel,
          amcnicky_altar_gilded
D:4:      layout_loops_corners, uniq_menkaure
D:5:      layout_loops_cross, minmay_temple_entry_grid, gammafunk_ghost_smash,
          nrook_loot_triangle, kennysheep_generic_room_12
D:6:      cheibrodos_two_vegetables, layout_rooms, grunt_qazlal_sundering,
          minivault_10, kennysheep_another_room, chequers_serial_rivers_micro_b,
          grunt_tough_drop
D:7:      layout_rooms, mainiacjoe_overflow_tiny_flanked,
          mainiacjoe_overflow_brackets, item_on_display_a

Skill      XL: |  1  2  3  4  5  6  7  8  9 |
---------------+----------------------------+-----
Stealth        | 2 |  2.0
Spellcasting   | 4 5 6 7 8 9 |  9.6
Fighting       | 1 |  1.1
Invocations    | 1 |  1.0
Dodging        | |  2.7

Action                   |  1- 3 |  4- 6 |  7- 9 || total
-------------------------+-------+-------+-------++-------
Melee: Unarmed           |    27 |       |       ||    27
       Short sword       |       |   161 |    79 ||   240
       Dagger            |       |     8 |       ||     8
       Punch             |       |     1 |       ||     1
 Cast: Freeze            |    62 |    11 |     1 ||    74
       Searing Ray       |       |    10 |     6 ||    16
       Frozen Ramparts   |       |     1 |     5 ||     6
       Hailstorm         |       |       |     1 ||     1
Invok: Ancestor Life: Kn |       |       |     1 ||     1
       Ancestor Identity |       |       |     1 ||     1
       Recall Ancestor   |       |       |     2 ||     2
Evoke: Wand              |       |       |    14 ||    14
  Use: Scroll            |       |    14 |     9 ||    23
       Potion            |       |       |     2 ||     2
 Stab: Sleeping          |     1 |     4 |     1 ||     6
       Distracted        |       |       |     1 ||     1
Armor: Robe              |    38 |   101 |    53 ||   192
Dodge: Dodged            |    76 |   156 |    79 ||   311

Table legend: (Time is in decaauts)
 A = Elapsed time spent in this place.
 B = Non-inter-level travel time spent in this place.
 C = Inter-level travel time spent in this place.
 D = Time resting spent in this place.
 E = Time spent auto-exploring this place.
 F = Levels seen in this place.
 G = Mean time per level.
                   A        B        C        D        E       F      G
               +--------+--------+--------+--------+--------+-----+--------+
         Total |  12114 |  11823 |    291 |   6841 |   3069 |   7 | 1730.6 |
       Dungeon |  12114 |  11823 |    291 |   6841 |   3069 |   7 | 1730.6 |
               +--------+--------+--------+--------+--------+-----+--------+

Top non-repeatable levels by time:
     D:1: 3849 daAuts
     D:6: 2367 daAuts
     D:4: 1723 daAuts
     D:5: 1612 daAuts
     D:2: 1240 daAuts
     D:3: 1125 daAuts
     D:7: 196 daAuts
